 Dungeon Crawl Stone Soup version 0.21-a0-421-gfc1ce30 (webtiles) character file.

13811 nikopol the Thaumaturge (level 11, -8/55 HPs)
             Began as a Deep Elf Fire Elementalist on Nov 4, 2017.
             Was a High Priest of Sif Muna.
             Mangled by an ice beast (14 damage)
             ... in an ice cave.
             The game lasted 01:02:14 (12085 turns).

nikopol the Thaumaturge (DEFE)                     Turns: 12085, Time: 01:02:15

Health: -8/55      AC:  5    Str: 13    XL:     11   Next: 80%
Magic:  3/31       EV: 14    Int: 34    God:    Sif Muna [*****.]
Gold:   215        SH:  0    Dex: 15    Spells: 17/38 levels left

rFire    . . .     SeeInvis .   Q - +3 short sword (freeze)
rCold    . . .     Gourm    .   (no shield)
rNeg     . . .     Faith    .   a - +0 robe
rPois    .         Spirit   .   q - +0 helmet
rElec    .         Reflect  .   (no cloak)
rCorr    .         Harm     .   n - +0 pair of gloves
MR       +....                  C - +0 pair of boots
Stlth    +++.......             h - amulet of magic regeneration
HPRegen  0.18/turn              R - ring of Ohoeciq {Wiz Str+8 Int+5}
MPRegen  0.47/turn              P - +5 ring of intelligence

@: no status effects
A: no striking features
a: Divine Energy, Channel Magic, Forget Spell, Renounce Religion


You were in an ice cave.
You worshipped Sif Muna.
Sif Muna was extremely pleased with you.
You were not hungry.

You visited 2 branches of the dungeon, and saw 12 of its levels.
You also visited: Ice Cave.

You collected 650 gold pieces.
You spent 435 gold pieces at shops.

Inventory:

Hand Weapons
 Q - a +3 short sword of freezing (weapon)
Armour
 a - a +0 robe (worn)
 n - a +0 pair of gloves (worn)
 q - a +0 helmet (worn)
 C - a +0 pair of boots (worn)
Jewellery
 h - an amulet of magic regeneration (around neck)
 k - an uncursed ring of poison resistance {unknown}
 J - an uncursed ring of positive energy
 P - a +5 ring of intelligence (right hand)
 R - the ring of Ohoeciq (left hand) {Wiz Str+8 Int+5}
   (You found it on level 7 of the Dungeon)

   [ring of wizardry]

   It improves your spell success rate.
   It affects your strength (+8).
   It affects your intelligence (+5).
Wands
 i - a wand of digging (11/24)
 G - a wand of iceblast (5/15)
 K - a wand of confusion (7/48)
 L - a wand of scattershot (4/9)
 N - a wand of lightning (8/15)
Scrolls
 d - 7 scrolls of teleportation
 e - 7 scrolls of remove curse
 f - a scroll of recharging {unknown}
 p - 3 scrolls of enchant armour {unknown}
 r - 3 scrolls of magic mapping {unknown}
 s - a scroll of blinking {unknown}
 t - 2 scrolls of amnesia {unknown}
 w - 2 scrolls of noise {unknown}
 y - 3 scrolls of fear {unknown}
 M - 2 scrolls of random uselessness {unknown}
 O - 3 scrolls of enchant weapon {unknown}
 W - a scroll of immolation {unknown}
 Z - a scroll of acquirement {unknown}
Potions
 u - a potion of haste
 z - 2 potions of flight
 A - 2 potions of agility
 B - 5 potions of curing
 E - a potion of ambrosia
 H - a potion of might {unknown}
 I - 2 potions of berserk rage
 S - a potion of heal wounds
 T - a potion of cancellation {unknown}
 U - a potion of lignification {unknown}
 V - a potion of resistance {unknown}
Books
 b - a book of Flames

   Spells                             Type                      Level
   a - Flame Tongue                   Conjuration/Fire             1
   b - Throw Flame                    Conjuration/Fire             2
   c - Conjure Flame                  Conjuration/Fire             3
   d - Inner Flame                    Hexes/Fire                   3
   e - Sticky Flame                   Conjuration/Fire             4
   f - Fireball                       Conjuration/Fire             5
 j - Vailoqoe's Almanac of Gliding Creation
   (You bought it in a shop on level 9 of the Dungeon)

   Spells                             Type                      Level
   a - Poisonous Vapours              Poison/Air                   2
   b - Mephitic Cloud                 Conjuration/Poison/Air       3
   c - Summon Mana Viper              Hexes/Summoning              5
 x - a book of Maledictions

   Spells                             Type                      Level
   a - Corona                         Hexes                        1
   b - Ensorcelled Hibernation        Hexes/Ice                    2
   c - Confuse                        Hexes                        3
   d - Tukima's Dance                 Hexes                        3
   e - Dazzling Spray                 Conjuration/Hexes            3
 D - a book of Minor Magic

   Spells                             Type                      Level
   a - Magic Dart                     Conjuration                  1
   b - Blink                          Translocation                2
   c - Call Imp                       Summoning                    2
   d - Slow                           Hexes                        2
   e - Conjure Flame                  Conjuration/Fire             3
   f - Mephitic Cloud                 Conjuration/Poison/Air       3
 Y - Sif Muna's Almanac of Earth
   (Sif Muna gifted it to you on level 10 of the Dungeon)

   Spells                             Type                      Level
   a - Bolt of Magma                  Conjuration/Fire/Earth       5
   b - Lee's Rapid Deconstruction     Earth                        5
   c - Iron Shot                      Conjuration/Earth            6
Comestibles
 c - 9 bread rations
 m - 13 fruits
 o - 6 royal jellies
 v - 6 meat rations
 X - 9 chunks of flesh


   Skills:
 + Level 0.5 Fighting
 + Level 4.2 Dodging
 + Level 4.3 Stealth
 + Level 14.2 Spellcasting
 + Level 11.3 Conjurations
 + Level 12.0 Fire Magic
 + Level 0.4 Earth Magic


You had 17 spell levels left.
You knew the following spells:

 Your Spells              Type           Power        Failure   Level  Hunger
a - Flame Tongue          Conj/Fire      #####        0%          1    None
b - Throw Flame           Conj/Fire      ######       0%          2    None
c - Conjure Flame         Conj/Fire      #######.     1%          3    None
d - Fireball              Conj/Fire      #######...   1%          5    None
e - Dazzling Spray        Conj/Hex       ######       1%          3    None
f - Blink                 Tloc           N/A          1%          2    None
g - Bolt of Magma         Conj/Fire/Erth ######....   1%          5    None


Dungeon Overview and Level Annotations

Branches:
Dungeon (11/15)            Temple (1/1) D:6            Lair (0/6) D:8
    Orc (0/2) D:9

Altars:
Ashenzari
Cheibriados
Dithmenos
Elyvilon
Fedhas
Gozag
Hepliaklqana
Kikubaaqudgha
Makhleb
Nemelex Xobeh
Okawaru
Qazlal
Ru
Sif Muna
Trog
Uskayaw
Vehumet
Wu Jian
Xom
Yredelemnul
Zin
The Shining One
Beogh

Shops:
D:9 *(%


Message History

Casting: Flame Tongue
Confirm with . or Enter, or press ? or * to list all spells.
Aiming: Flame Tongue
Press: ? - help, Shift-Dir - straight line, f/p - white ugly thing
Aim: a white ugly thing (almost dead)
The flame tongue hits the white ugly thing.
You kill the white ugly thing!
Sif Muna accepts your kill. The ice beast misses you. x2
Casting: Flame Tongue
Confirm with . or Enter, or press ? or * to list all spells.
Aiming: Flame Tongue
Press: ? - help, Shift-Dir - straight line, f - ice beast
Aim: an ice beast The flame tongue hits the ice beast.
The ice beast melts!
The ice beast is moderately wounded.
The ice beast hits you.
* * * LOW HITPOINT WARNING * * *
The ice beast freezes you!
You die...

####
####...##
##........
##.........
##..........
#.Y.....8..)
#@†.......(.
#.Y.∩....$.$
#.........(.
#.......8..?
##..........
##.........
##........
####...##
####


You could see 2 ice beasts.

Vanquished Creatures
  Josephine (D:10)
  2 two-headed ogres (D:10)
  An ugly thing (IceCv)
  Joseph (D:7)
  A manticore (D:11)
  A hornet (D:11)
  3 trolls
  Sigmund (D:4)
  A vampire (D:10)
  6 wraiths (D:10)
  A wyvern (D:9)
  5 yaks (D:9)
  A human (D:7)
  A hungry ghost (D:10)
  4 hogs (D:7)
  Menkaure (D:4)
  Edmund (D:4)
  A water moccasin (D:7)
  6 orc warriors
  5 ice beasts
  2 sky beasts
  8 ogres
  3 phantoms
  A black bear (D:9)
  A necrophage (D:10)
  3 centaurs
  2 big kobolds (D:9)
  A gnoll sergeant (D:9)
  8 bullfrogs
  2 scorpions (D:10)
  13 killer bees
  An electric eel (D:10)
  12 wights
  4 howler monkeys
  2 crimson imps (D:10)
  2 bullfrog zombies
  7 hounds
  A quasit (D:9)
  A jelly (D:9)
  7 orc priests
  A centaur skeleton (D:10)
  18 orc wizards
  A bullfrog skeleton (D:9)
  3 iguanas
  5 worker ants
  2 hound skeletons (D:4)
  2 howler monkey zombies
  A worker ant zombie (D:9)
  Robin (D:2)
  2 howler monkey skeletons
  16 adders
  9 gnolls
  A shadow imp (D:10)
  12 white imps (D:11)
  2 oozes
  An adder zombie (D:8)
  An adder skeleton (D:7)
  2 worms
  2 dart slugs
  5 leopard geckos
  57 orcs
  3 giant cockroaches
  10 goblins
  12 hobgoblins
  16 jackals
  3 quokkas
  5 bats
  6 frilled lizards
  A jackal skeleton (D:8)
  13 kobolds
  6 rats
344 creatures vanquished.

Vanquished Creatures (others)
  3 plants (D:8)
3 creatures vanquished.

Grand Total: 347 creatures vanquished

Notes
Turn   | Place    | Note
-------+----------+-------------------------------------------
     0 | D:1      | nikopol the Deep Elf Fire Elementalist began the quest for the Orb.
     0 | D:1      | Reached XP level 1. HP: 10/10 MP: 6/6
   189 | D:1      | Reached XP level 2. HP: 14/15 MP: 2/8
   530 | D:1      | Reached XP level 3. HP: 12/19 MP: 0/9
  1111 | D:2      | Reached XP level 4. HP: 22/24 MP: 6/11
  1418 | D:2      | Noticed Robin
  1429 | D:2      | Killed Robin
  1547 | D:2      | Reached skill level 4 in Spellcasting
  2112 | D:3      | Found a bloodstained altar of Trog.
  2136 | D:3      | Learned a level 2 spell: Throw Flame
  2140 | D:3      | Learned a level 3 spell: Conjure Flame
  2284 | D:3      | Reached XP level 5. HP: 28/28 MP: 4/13
  2622 | D:4      | Learned a level 5 spell: Fireball
  2629 | D:4      | Reached skill level 5 in Fire Magic
  2699 | D:4      | Noticed Menkaure
  2710 | D:4      | Killed Menkaure
  2710 | D:4      | Reached XP level 6. HP: 11/32 MP: 8/15
  2836 | D:4      | Noticed Sigmund
  3200 | D:4      | Reached skill level 5 in Spellcasting
  3275 | D:4      | Reached XP level 7. HP: 37/37 MP: 10/17
  3529 | D:4      | Noticed Edmund
  3537 | D:4      | Killed Edmund
  3537 | D:4      | Reached skill level 6 in Spellcasting
  3831 | D:4      | Killed Sigmund
  3831 | D:4      | Reached skill level 7 in Spellcasting
  3831 | D:4      | Reached XP level 8. HP: 42/42 MP: 9/20
  3915 | D:5      | Entered Level 5 of the Dungeon
  4230 | D:5      | Found a blossoming altar of Fedhas.
  4407 | D:5      | Reached skill level 5 in Conjurations
  4464 | D:5      | Reached skill level 8 in Spellcasting
  5057 | D:6      | Found a staircase to the Ecumenical Temple.
  5065 | Temple   | Entered the Ecumenical Temple
  5173 | Temple   | Became a worshipper of Sif Muna the Loreminder
  5259 | D:6      | Got a brightly glowing flail
  5260 | D:6      | Identified the +7 flail of the Fifty Emperors {crush, MR+} (You found it on level 6 of the Dungeon)
  5269 | D:6      | Learned a level 3 spell: Dazzling Spray
  5273 | D:6      | Reached skill level 9 in Spellcasting
  5657 | D:7      | Reached XP level 9. HP: 46/46 MP: 10/24
  5914 | D:7      | Got a flickering bone ring
  6086 | D:7      | Noticed Joseph
  6300 | D:7      | Reached * piety under Sif Muna
  6398 | D:7      | Killed Joseph
  6398 | D:7      | Reached skill level 10 in Spellcasting
  6630 | D:7      | Found an ornate altar of the Wu Jian Council.
  6680 | D:7      | Reached ** piety under Sif Muna
  6680 | D:7      | Reached skill level 11 in Spellcasting
  7011 | D:8      | Reached XP level 10. HP: 42/51 MP: 24/27
  7143 | D:8      | Identified the ring of Ohoeciq {Wiz Str+8 Int+5} (You found it on level 7 of the Dungeon)
  7370 | D:7      | Learned a level 2 spell: Blink
  8094 | D:8      | Reached skill level 10 in Fire Magic
  8271 | D:8      | Found a roughly hewn altar of Beogh.
  8361 | D:8      | Found a staircase to the Lair.
  8644 | D:9      | Found Deit's Assorted Antiques.
  8671 | D:9      | Reached *** piety under Sif Muna
  8720 | D:9      | Bought a sparkling book for 435 gold pieces
  8720 | D:9      | Identified Vailoqoe's Almanac of Gliding Creation (You bought it in a shop on level 9 of the Dungeon)
  8856 | D:9      | Reached skill level 12 in Spellcasting
  8980 | D:9      | Found Deocwekh's Food Boutique.
  9446 | D:9      | Found Acur Giu's Antique Weapon Emporium.
  9703 | D:9      | Reached **** piety under Sif Muna
  9909 | D:9      | Found a staircase to the Orcish Mines.
 10086 | D:10     | Entered Level 10 of the Dungeon
 10089 | D:10     | Reached skill level 13 in Spellcasting
 10156 | D:10     | Reached XP level 11. HP: 48/55 MP: 6/30
 10172 | D:10     | Reached skill level 10 in Conjurations
 10345 | D:10     | Noticed a two-headed ogre
 10452 | D:10     | Killed a two-headed ogre
 11152 | D:10     | Noticed Josephine
 11157 | D:10     | Killed Josephine
 11165 | D:10     | Noticed a two-headed ogre
 11662 | D:10     | Killed a two-headed ogre
 11662 | D:10     | Reached ***** piety under Sif Muna
 11704 | D:10     | Identified Sif Muna's Almanac of Earth (Sif Muna gifted it to you on level 10 of the Dungeon)
 11704 | D:10     | Received a gift from Sif Muna
 11704 | D:10     | Reached skill level 14 in Spellcasting
 11714 | D:10     | Learned a level 5 spell: Bolt of Magma
 12051 | D:11     | Found a frozen archway.
 12074 | IceCv    | Entered an ice cave
 12074 | IceCv    | Noticed a white ugly thing
 12084 | IceCv    | Killed a white ugly thing
 12085 | IceCv    | Mangled by an ice beast

Vault maps used:
D:1:      lemuel_arrival_rhombus
D:2:      uniq_robin
D:3:      bloody_trog
D:4:      uniq_edmund, uniq_sigmund, uniq_menkaure
D:5:      first_bread, fedhas_bush_and_centaur_altar
D:6:      minmay_temple_entry_butterflies, kennysheep_boxes
D:7:      lemuel_round_altar, grunt_livestock, uniq_joseph
D:8:      david_lair_shrubbed, serial_undead, serial_undead_f, serial_undead_d,
          serial_undead_d, serial_undead_c, serial_undead_d, serial_undead_b,
          serial_undead_d, david_defended_altar_orc
D:9:      david_orc_4, serial_shops, shop, shop, kennysheep_mini
D:10:     kennysheep_generic_room_16, uniq_josephine
D:11:     regret_index_combs_of_tragedy, portal_ice_cave_entry_imps
Temple:   kilobyte_greek_temple
IceCv:    ice_cave_statue_garden_teleport

Skill      XL: |  1  2  3  4  5  6  7  8  9 10 11 |
---------------+----------------------------------+-----
Fire Magic     | 4 5 6 7 8 9 11 12 | 12.0
Dodging        | 3 4 |  4.2
Spellcasting   | 4 5 7 9 11 13 14 | 14.2
Conjurations   | 2 3 4 6 8 9 11 | 11.3
Stealth        | 3 4 |  4.3
Fighting       | |  0.5
Earth Magic    | |  0.4

Action                   |  1- 3 |  4- 6 |  7- 9 | 10-12 || total
-------------------------+-------+-------+-------+-------++-------
Melee: Short sword       |     7 |       |     3 |     1 ||    11
 Cast: Flame Tongue      |    75 |   114 |   220 |   430 ||   839
       Conjure Flame     |       |     7 |    10 |    31 ||    48
       Throw Flame       |       |     2 |    27 |    54 ||    83
       Fireball          |       |       |    19 |    30 ||    49
       Dazzling Spray    |       |       |     1 |     5 ||     6
       Blink             |       |       |       |     4 ||     4
       Bolt of Magma     |       |       |       |     6 ||     6
  Use: Scroll            |       |       |       |     8 ||     8
       Potion            |       |       |       |     1 ||     1
  Eat: Chunk             |       |     7 |    15 |    14 ||    36
       Royal jelly       |       |       |       |     1 ||     1
Armor: Robe              |     4 |     3 |     6 |    17 ||    30
Dodge: Dodged            |    29 |    21 |    51 |    67 ||   168

Table legend:
 A = Spawn XP
 B = Non-spawn XP
 C = Spawn XP percentage of total XP
 D = Spawn monster count
 E = Non-spawn monster count
 F = Spawn count percentage of total count
 G = Total turns spent on level
                    A         B        C        D         E        F      G
               +---------+---------+-------+---------+---------+-------+---------
         Total |       0 |   19731 |   0.0 |       0 |     344 |   0.0 | 12085
               +---------+---------+-------+---------+---------+-------+---------
           D:1 |       0 |      53 |   0.0 |       0 |      28 |   0.0 |   894
           D:2 |       0 |     112 |   0.0 |       0 |      29 |   0.0 |  1196
           D:3 |       0 |      88 |   0.0 |       0 |      18 |   0.0 |   679
           D:4 |       0 |    1216 |   0.0 |       0 |      40 |   0.0 |  1150
           D:5 |       0 |     466 |   0.0 |       0 |      15 |   0.0 |   879
           D:6 |       0 |     645 |   0.0 |       0 |      19 |   0.0 |   694
           D:7 |       0 |    3041 |   0.0 |       0 |      30 |   0.0 |  1862
           D:8 |       0 |    1252 |   0.0 |       0 |      33 |   0.0 |   985
           D:9 |       0 |    3651 |   0.0 |       0 |      70 |   0.0 |  1708
          D:10 |       0 |    6450 |   0.0 |       0 |      37 |   0.0 |  1636
          D:11 |       0 |    1690 |   0.0 |       0 |      20 |   0.0 |   242
         IceCv |       0 |    1067 |   0.0 |       0 |       5 |   0.0 |    11
               +---------+---------+-------+---------+---------+-------+---------
